 Dungeon Sprint DCSS version 0.17-a0-1636-g3119f2b (webtiles) character file.

107 Kidiri the Covert (level 4, 0/21 HPs)
             Began as a Spriggan Enchanter on Aug 6, 2015.
             Was an Initiate of Dithmenos.
             Killed from afar by an oklob sapling wizard (10 damage)
             ... with a splash of acid
             ... in the Dungeon (Sprint IV: "Fedhas' Mad Dash").
             The game lasted 00:02:40 (2566 turns).

Kidiri the Covert (Spriggan Enchanter)              Turns: 2566, Time: 00:02:40

Health: 0/21       AC:  3    Str:  4    XL:     4   Next: 57%
Magic:  10/12      EV: 22    Int: 16    God:    Dithmenos [......]
Gold:   39         SH:  0    Dex: 17    Spells: 5 memorised, 2 levels left

rFire  . . .     SeeInvis +     a - +1 dagger
rCold  . . .     Clarity  .     b - +1 robe
rNeg   . . .     SustAt   .     (shield restricted)
rPois  .         Gourm    .     (helmet restricted)
rElec  .         Spirit   .     (no cloak)
rCorr  .         Warding  .     (gloves unavailable)
rMut   .         NoTele   +     (boots unavailable)
MR     .....                    (no amulet)
Stlth  ++++......               (no ring)
                                e - ring of invisibility

@: very slightly contaminated, very quick, not resistant to hostile
enchantments, stealthy
A: unfitting armour, see invisible, herbivore 3, speed 3, slow metabolism 2
a: Renounce Religion, Evoke Invisibility


You were in the Dungeon.
You worshipped Dithmenos.
Dithmenos was noncommittal.
You were full.

You visited 1 branch You collected 39 gold pieces.

Inventory:

Hand weapons
 a - a +1 dagger (weapon)
Armour
 b - a +1 robe (worn)
Jewellery
 e - a ring of invisibility (left hand)
Scrolls
 j - a scroll of blinking
Potions
 g - a potion of haste
 h - 2 potions of magic
Books
 c - a book of Maledictions

   Spells                             Type                      Level
   a - Corona                         Hexes                        1
   b - Ensorcelled Hibernation        Hexes/Ice                    2
   c - Confuse                        Hexes                        3
   d - Tukima's Dance                 Hexes                        3
   e - Dazzling Spray                 Conjuration/Hexes            3
Comestibles
 d - a bread ration


   Skills:
 + Level 3.5 Short Blades
 * Level 6.7 Dodging
 * Level 8.0 Stealth
 * Level 5.7 Spellcasting
 + Level 0.0 Conjurations
 + Level 5.0 Hexes
 + Level 1.9 Ice Magic
 + Level 0.0 Invocations
 + Level 1.6 Evocations


You had 2 spell levels left.
You knew the following spells:

 Your Spells              Type           Power        Failure   Level  Hunger
a - Corona                Hex            ###....      1%          1    None
b - Ensorcelled Hibernat  Hex/Ice        ###...       8%          2    #......
c - Confuse               Hex            ###.....     8%          3    ##.....
d - Tukima's Dance        Hex            ###.....     8%          3    ##.....
e - Dazzling Spray        Conj/Hex       ##......     17%         3    ##.....


Dungeon Overview and Level Annotations

Branches:
Dungeon (1/1)

Altars:
Cheibriados
Dithmenos
Elyvilon
Gozag
Kikubaaqudgha
Makhleb
Nemelex Xobeh
Okawaru
Qazlal
Ru
Sif Muna
Trog
Vehumet
Xom
Yredelemnul
Zin
The Shining One
Beogh
Jiyva
Lugonu

Annotations:
D exclusion: oklob sapling


Innate Abilities, Weirdness & Mutations

You are tiny and cannot use many weapons and most armour.
You have supernaturally acute eyesight.
You are a herbivore.
You cover ground extremely quickly.
You need consume almost no food.


Message History

You flicker for a moment.
You finish memorising.
Spell assigned to 'e'.
You kneel at the altar of Dithmenos.
Dithmenos welcomes you!
Unknown command.
There is an opulent altar of Gozag here.
There is a stormy altar of Qazlal here.
You open the door.
Marking area around the oklob sapling wizard as unsafe for travelling.
An oklob sapling wizard comes into view.
You flicker back into view.
The oklob sapling wizard stares at you and mumbles some strange words.
The magic dart hits you!
Found 2 scrolls labeled VEKLUFF HANEGU and a scroll labeled DEEHAXOPPO.
The oklob sapling wizard casts a spell at you.
The magic dart hits you!
There is an open door here.
The oklob sapling wizard spits acid at you.
The splash of acid hits you!
You die...

#####################
.%.#.⌠.........⌠.#.?+
(%.'._._._._._._.'.P#
...#_._._._._._.@#..#
#+##._._._._._._.#.?#
#.⌠...._....⌠.####
###############


You could see an oklob sapling wizard.

Vanquished Creatures
  2 oklob saplings (D)
  A worker ant (D)
  A river rat (D)
  A rat (D)
5 creatures vanquished.

Notes
Turn   | Place    | Note
--------------------------------------------------------------
     0 | D        | Kidiri the Spriggan Enchanter began the quest for the Orb.
     0 | D        | Reached XP level 1. HP: 9/9 MP: 5/5
   321 | D        | Reached skill level 5 in Stealth
   321 | D        | Reached XP level 2. HP: 13/13 MP: 5/7
   370 | D        | Learned a level 2 spell: Ensorcelled Hibernation
   373 | D        | Noticed an oklob sapling
  2404 | D        | Killed an oklob sapling
  2404 | D        | Reached skill level 5 in Dodging
  2404 | D        | Reached skill level 6 in Stealth
  2404 | D        | Reached skill level 1 in Ice Magic
  2404 | D        | Reached XP level 3. HP: 16/16 MP: 8/10
  2409 | D        | Learned a level 3 spell: Confuse
  2413 | D        | Learned a level 3 spell: Tukima's Dance
  2423 | D        | Noticed a worker ant
  2451 | D        | Killed a worker ant
  2451 | D        | Reached skill level 7 in Stealth
  2451 | D        | Reached skill level 5 in Spellcasting
  2541 | D        | Found a snail-covered altar of Cheibriados.
  2541 | D        | Found a glowing silver altar of Zin.
  2541 | D        | Found a white marble altar of Elyvilon.
  2541 | D        | Found a viscous altar of Jiyva.
  2541 | D        | Found a radiant altar of Vehumet.
  2541 | D        | Found a deep blue altar of Sif Muna.
  2541 | D        | Found an ancient bone altar of Kikubaaqudgha.
  2541 | D        | Found a bloodstained altar of Trog.
  2541 | D        | Found a corrupted altar of Lugonu.
  2541 | D        | Noticed an oklob sapling priest
  2542 | D        | Found a burning altar of Makhleb.
  2542 | D        | Found a sacrificial altar of Ru.
  2543 | D        | Found a glowing golden altar of the Shining One.
  2543 | D        | Found a sparkling altar of Nemelex Xobeh.
  2544 | D        | Found a shadowy altar of Dithmenos.
  2545 | D        | Found an iron altar of Okawaru.
  2545 | D        | Found a shimmering altar of Xom.
  2546 | D        | Found an opulent altar of Gozag.
  2547 | D        | Found a basalt altar of Yredelemnul.
  2547 | D        | Found a roughly hewn altar of Beogh.
  2548 | D        | Killed an oklob sapling priest
  2548 | D        | Reached skill level 8 in Stealth
  2548 | D        | Reached skill level 5 in Hexes
  2548 | D        | Reached skill level 1 in Evocations
  2548 | D        | Reached XP level 4. HP: 21/21 MP: 8/12
  2549 | D        | Found a stormy altar of Qazlal.
  2558 | D        | Learned a level 3 spell: Dazzling Spray
  2558 | D        | Became a worshipper of Dithmenos the Shadowed
  2564 | D        | Noticed an oklob sapling wizard
  2566 | D        | Killed from afar by an oklob sapling wizard

Vault maps used:
D:        dungeon_sprint_fedhas

Action                   |  1- 3 |  4- 6 || total
-------------------------+-------+-------++-------
Melee: Dagger            |    39 |       ||    39
 Cast: Ensorcelled Hiber |     4 |       ||     4
       Confuse           |     2 |       ||     2
 Abil: Evoke Invisibilit |     1 |       ||     1
  Use: Potion            |     3 |       ||     3
 Stab: Distracted        |     1 |       ||     1
       Sleeping          |     1 |       ||     1
  Eat: Bread ration      |     1 |       ||     1
